 Dungeon Crawl Stone Soup version 0.29-a0-352-g0917bc69df (webtiles) character file.

Game seed: 16693369505953164969

207 croobank the Sneak (level 5, 0/31 HPs)
             Began as an Octopode Fire Elementalist on Apr 23, 2022.
             Was an Initiate of Gozag.
             Slain by an iguana (1 damage)
             ... on level 4 of the Dungeon.
             The game lasted 00:09:46 (4260 turns).

croobank the Sneak (Octopode Fire Elementalist)     Turns: 4260, Time: 00:09:53

Health: 0/31       AC:  1    Str:  7    XL:     5   Next: 85%
Magic:  4/9        EV: 14    Int: 19    God:    Gozag
Gold:   200        SH:  0    Dex: 13    Spells: 2/9 levels left

rFire   . . .      SeeInvis .   h - +2 short sword
rCold   . . .      Faith    .   (no shield)
rNeg    . . .      Spirit   .   (helmet restricted)
rPois   .          Reflect  .   (no amulet)
rElec   .          Harm     .   (no ring)
rCorr   .          Rampage  .   (no ring)
Will    .....                   (no ring)
Stlth   ++++......              (no ring)
HPRegen 0.10/turn               (no ring)
MPRegen 0.11/turn               (no ring)
                                (no ring)
                                (no ring)

@: no status effects
A: almost no armour, amphibious, 8 rings, camouflage 1, gelatinous body 1,
(nimble swimmer 1), tentacles
a: Renounce Religion, Potion Petition, Call Merchant, Bribe Branch


You were on level 4 of the Dungeon.
You worshipped Gozag.
Gozag was aware of your devotion.
You visited 2 branches of the dungeon, and saw 5 of its levels.

You collected 276 gold pieces.
You paid 76 gold pieces to Gozag.

Inventory:

Hand Weapons
 b - a +0 hunting sling
 h - a +2 short sword (weapon)
Missiles
 c - 11 poisoned darts
 e - 2 throwing nets
 j - 144 stones
Jewellery
 i - a ring of see invisible
Scrolls
 g - 5 scrolls of teleportation
 l - a scroll of identify
Potions
 a - a potion of magic
 d - 4 potions of curing
 f - a potion of cancellation {unknown}
 k - a potion of heal wounds {unknown}
 m - a potion of mutation {unknown}
 n - a potion of lignification {unknown}


   Skills:
 + Level 3.1 Dodging
 + Level 4.4 Stealth
 + Level 2.9 Spellcasting
 + Level 2.4 Conjurations
 + Level 3.9 Fire Magic


You had 2 spell levels left.
You knew the following spells:

 Your Spells              Type           Power      Damage    Failure   Level
a - Foxfire               Conj/Fire      56%        2x1d6     4%          1
b - Scorch                Fire           34%        2d7       4%          2
c - Flame Wave            Conj/Fire      14%        2d6       38%         4

Your spell library contained the following spells:

 Spells                   Type           Power      Damage    Failure   Level
 Freeze                   Ice            8%         1d3       16%         1
 Conjure Flame            Conj/Fire      14%        6-21      12%         3
 Inner Flame              Hex/Fire       10%        N/A       21%         3


Dungeon Overview and Level Annotations

Branches:
Dungeon (4/15)             Temple (1/1) D:4

Altars:
Ashenzari
Dithmenos
Elyvilon
Gozag
Kikubaaqudgha
Makhleb
Okawaru
Ru
Sif Muna
Vehumet
Xom
Yredelemnul

Shops:
D:1 (


Innate Abilities, Weirdness & Mutations

You cannot wear most types of armour.
You are amphibious.
You can wear up to eight rings at the same time.
Your skin changes colour to match your surroundings (Stealth+).
Your rubbery body absorbs attacks. (AC +1, EV +1)
((You are camouflaged when in or above water. (Stealth+)))
You have tentacles for arms and can constrict up to eight enemies at once.


Message History

You squeeze the iguana, but do no damage.
The iguana is severely wounded.
You constrict the iguana. The iguana bites you!
You completely miss the iguana.
The iguana is almost dead.
You constrict the iguana.
You kill the iguana!
You now have 200 gold pieces (gained 4).
An iguana comes into view.
Found 12 gold pieces.
Casting: Scorch (safe; 4% risk of failure)
Confirm with . or Enter, or press ? or * to list all spells.
You conjure some foxfire!
The iguana hisses angrily.
Your foxfire dissipates!
The foxfire hits the iguana but does no damage.
Casting: Foxfire (safe; 4% risk of failure)
Confirm with . or Enter, or press ? or * to list all spells.
Flames lash the iguana.
The iguana is moderately wounded.
The iguana's fire resistance burns away.
The iguana closely misses you.
You hit the iguana but do no damage. You grab the iguana.
You tentacle-slap the iguana, but do no damage.
The iguana is moderately wounded.
You constrict the iguana, but do no damage.
The iguana bites you!
* * * LOW HITPOINT WARNING * * *
You barely miss the iguana.
The iguana is moderately wounded.
You constrict the iguana, but do no damage.
The iguana barely misses you.
Casting: Scorch (safe; 4% risk of failure)
Confirm with . or Enter, or press ? or * to list all spells.
Flames lash the iguana.
The iguana is moderately wounded.
You constrict the iguana, but do no damage.
The iguana bites you.
You die...
Your body crumbles into a pile of gold.

#.
#........ $
#........
#........
#.$......
#........
#........
#l.......
#@.......
#........
#........
#.#######
#.#########
#.........#
#########.#
#.#
#.########


You could see an iguana (combustible).

Vanquished Creatures
  A hound (D:3)
  2 iguanas (D:4)
  4 adders
  A worm (D:4)
  3 orcs (D:4)
  6 endoplasms
  A giant cockroach (D:1)
  5 goblins
  11 hobgoblins
  4 jackals (D:1)
  A quokka (D:3)
  9 ball pythons
  6 bats
  A frilled lizard (D:3)
  6 kobolds
  10 rats
71 creatures vanquished.

Vanquished Creatures (collateral kills)
  An adder (D:2)
  An endoplasm (D:2)
  A goblin (D:2)
3 creatures vanquished.

Vanquished Creatures (others)
  104 foxfires
  A fungus (D:1)
  29 plants
134 creatures vanquished.

Grand Total: 208 creatures vanquished

Notes
Turn   | Place    | Note
-------+----------+-------------------------------------------
     0 | D:1      | croobank the Octopode Fire Elementalist began the quest for
                  | the Orb.
     0 | D:1      | Reached XP level 1. HP: 11/11 MP: 3/3
   206 | D:1      | Found Dakk's Weapon Shop.
   212 | D:1      | Reached XP level 2. HP: 17/17 MP: 3/5
   215 | D:1      | Learned a level 2 spell: Scorch
   240 | D:1      | Reached skill level 3 in Stealth
   290 | D:1      | Found a faded altar of an unknown god.
   298 | D:1      | Got Plato's Compendium of Ice
   777 | D:1      | Reached XP level 3. HP: 21/21 MP: 4/6
  1608 | D:2      | Reached XP level 4. HP: 23/27 MP: 2/7
  1618 | D:2      | Learned a level 4 spell: Flame Wave
  2519 | D:3      | Reached XP level 5. HP: 31/31 MP: 3/9
  2605 | D:3      | Found a white marble altar of Elyvilon.
  2678 | D:3      | Reached skill level 4 in Stealth
  3235 | D:4      | Found a staircase to the Ecumenical Temple.
  3256 | Temple   | Entered the Ecumenical Temple
  3327 | Temple   | Became a worshipper of Gozag Ym Sagoz the Greedy
  4196 | D:4      | Noticed a sky beast
  4258 | D:4      | HP: 1/31 [iguana (13)]
  4260 | D:4      | Slain by an iguana

Illustrated notes

Levels and vault maps discovered:
D:1:      minmay_arrival_glassed_features, layout_rooms, serial_shops,
          nicolae_shop_bloodbath_and_beyond, shapermc_ecumenical_altar_rom_forum
D:2:      layout_basic
D:3:      layout_loops_ring, nicolae_overflow_hidden_temple
D:4:      layout_basic, minmay_temple_entry_waves, corexii_checkpoint_a,
          kennysheep_boxes
Temple:   chequers_temple_sunken

Skill      XL: |  1  2  3  4  5 |
---------------+----------------+-----
Stealth        | 3 4 |  4.4
Conjurations   | 2 |  2.4
Dodging        | 3 |  3.1
Spellcasting   | |  2.9
Fire Magic     | |  3.9

Action                   |  1- 3 |  4- 6 || total
-------------------------+-------+-------++-------
Melee: Unarmed           |     7 |       ||     7
       Constrict         |     4 |     8 ||    12
       Tentacles         |     3 |     6 ||     9
       Short sword       |     4 |    21 ||    25
       Punch             |       |     1 ||     1
 Cast: Foxfire           |    33 |    28 ||    61
       Scorch            |     8 |    19 ||    27
       Flame Wave        |       |     1 ||     1
  Use: Scroll            |     6 |       ||     6
Armor: Skin              |     2 |     1 ||     3
Dodge: Dodged            |    12 |    11 ||    23

Table legend: (Time is in decaauts)
 A = Elapsed time spent in this place.
 B = Non-inter-level travel time spent in this place.
 C = Inter-level travel time spent in this place.
 D = Time resting spent in this place.
 E = Time spent auto-exploring this place.
 F = Levels seen in this place.
 G = Mean time per level.
                   A        B        C        D        E       F      G
               +--------+--------+--------+--------+--------+-----+--------+
         Total |   4262 |   4204 |     58 |    509 |   3025 |   5 |  852.4 |
       Dungeon |   3722 |   3685 |     37 |    509 |   2520 |   4 |  930.5 |
        Temple |    539 |    518 |     21 |      0 |    505 |   1 |  539.0 |
               +--------+--------+--------+--------+--------+-----+--------+

Top non-repeatable levels by time:
     D:1: 1154 daAuts
     D:3: 1097 daAuts
     D:2: 876 daAuts
     D:4: 594 daAuts
  Temple: 539 daAuts
